 Dungeon Crawl Stone Soup version 0.25-a0-781-gc44aebf4fe (webtiles) character file.

Game seed: 11021638057861201472, levelgen mode: deterministic

133502 Esekla the Thaumaturge (level 17, 0/125 HPs)
             Began as a Barachi Venom Mage on Apr 13, 2020.
             Was a High Priest of Vehumet.
             Succumbed to a wolf spider's poison
             ... on level 4 of the Lair of Beasts on Apr 15, 2020.
             The game lasted 08:04:12 (37183 turns).

Esekla the Thaumaturge (Barachi Venom Mage)        Turns: 37183, Time: 08:04:12

Health: 0/125      AC:  6    Str: 14    XL:     17   Next: 15%
Magic:  35/35      EV: 16    Int: 26    God:    Vehumet [*****.]
Gold:   1399       SH:  7    Dex: 13    Spells: 2/44 levels left

rFire    . . .     SeeInvis .   f - +5 scimitar (flame)
rCold    . . .     Gourm    .   Q - +2 buckler
rNeg     . . .     Faith    .   V - +1 troll leather armour
rPois    .         Spirit   .   F - +0 helmet {Int+3}
rElec    .         Reflect  .   D - scarf {cloud immunity}
rCorr    .         Harm     .   l - +1 pair of gloves {Str+3}
MR       +....     Clarity  +   (no boots)
Stlth    +.........             P - amulet of magic regeneration
HPRegen  0.70/turn              K - +2 ring of intelligence
MPRegen  0.49/turn              p - +6 ring of protection

@: lethally poisoned (0 -> -11), corroded, slow
A: +LOS, swims, hooves 1, clarity, deformed body, slowness 1, strong legs 2
a: Hop, Renounce Religion


You were on level 4 of the Lair of Beasts.
You worshipped Vehumet.
Vehumet was extremely pleased with you.
You were very hungry.

You visited 6 branches of the dungeon, and saw 26 of its levels.
You also visited: Sewer and Volcano.

You collected 2319 gold pieces.
You spent 920 gold pieces at shops.

Inventory:

Hand Weapons
 d - a +3 long sword
 f - a +5 scimitar of flaming (weapon)
 h - a +3 falchion of holy wrath
 O - a +1 vorpal spear
 R - a +2 vorpal scimitar
Missiles
 i - 6 silver javelins
 s - 22 boomerangs
 w - 21 poisoned darts (quivered)
 y - 9 boomerangs of dispersal
 S - 19 curare-tipped darts
Armour
 l - a +1 pair of gloves of strength (worn)
 B - a +1 robe of cold resistance
 D - a scarf of cloud immunity (worn)
 F - a +0 helmet of intelligence (worn)
 Q - a +2 buckler (worn)
 V - a +1 troll leather armour (worn)
 W - a +3 leather armour of fire resistance
Jewellery
 b - an uncursed ring of flight
 p - a +6 ring of protection (right hand)
 r - an uncursed ring of resist corrosion
 H - an uncursed ring of ice
 K - a +2 ring of intelligence (left hand)
 P - an amulet of magic regeneration (around neck)
 Y - an uncursed amulet of the acrobat
Wands
 t - a wand of iceblast (24)
 u - a wand of flame (65)
 G - a wand of disintegration (33)
 J - a wand of digging (3)
 T - a wand of polymorph (14)
Scrolls
 a - 2 scrolls of fear
 e - 8 scrolls of remove curse
 g - a scroll of holy word
 k - 11 scrolls of identify
 m - 2 scrolls of amnesia
 o - 9 scrolls of teleportation
 x - 8 scrolls of blinking
 z - a scroll of fog
 L - 2 scrolls of magic mapping
Potions
 j - 5 potions of magic
 n - 3 potions of curing
 q - a potion of cancellation
 v - a potion of resistance
 A - 2 potions of berserk rage
 C - 5 potions of brilliance
 E - 4 potions of stabbing
 I - 3 potions of might
 N - 2 potions of lignification
 X - 3 potions of flight
 Z - a potion of haste
Comestibles
 c - 54 rations


   Skills:
 + Level 9.0 Fighting
   Level 0.6(8.7) Short Blades
 + Level 14.2 Long Blades
 + Level 0.5 Polearms
 - Level 4.0 Throwing
 * Level 7.4 Armour
 + Level 7.4 Dodging
 - Level 1.7 Stealth
 + Level 7.0 Shields
 * Level 14.3 Spellcasting
 * Level 10.4 Conjurations
   Level 2.1 Hexes
 + Level 8.6 Charms
 + Level 4.3 Translocations
 + Level 1.2 Transmutations
 + Level 7.6 Fire Magic
 + Level 7.9 Ice Magic
 + Level 10.6 Air Magic
 + Level 7.7 Poison Magic
 + Level 0.1 Evocations


You had 2 spell levels left.
You knew the following spells:

 Your Spells              Type           Power        Failure   Level  Hunger
a - Irradiate             Conj/Tmut      #####.....   2%          5    ##.....
b - Lightning Bolt        Conj/Air       ######....   1%          5    ##.....
c - Mephitic Cloud        Conj/Pois/Air  ######..     1%          3    None
d - Conjure Ball Lightni  Conj/Air       ######....   1%          6    ####...
f - Conjure Flame         Conj/Fire      ######..     1%          3    None
g - Shroud of Golubria    Chrm/Tloc      ######       1%          2    None
r - Frozen Ramparts       Ice            ######       1%          3    None
s - Song of Slaying       Chrm           ######..     1%          2    None
v - Poisonous Vapours     Pois/Air       ######       1%          2    None
x - Olgreb's Toxic Radia  Pois           ######..     1%          4    None
y - Sticky Flame          Conj/Fire      ######..     1%          4    None
z - Ozocubu's Armour      Chrm/Ice       ######..     1%          3    None

Your spell library contained the following spells:

 Spells                   Type           Power        Failure   Level  Hunger
 Iron Shot                Conj/Erth      #####.....   17%         6    ####...
 Foxfire                  Conj/Fire      ####         1%          1    None
 Freeze                   Ice            ####         1%          1    None
 Infusion                 Chrm           ####         1%          1    None
 Sandblast                Erth           ###...       1%          1    None
 Sting                    Tmut/Pois      ####         1%          1    None
 Swiftness                Chrm/Air       ######..     1%          2    None
 Animate Skeleton         Necr           N/A          3%          1    None
 Pain                     Necr           ###.         3%          1    None
 Sticks to Snakes         Tmut           ###.....     3%          2    None
 Passwall                 Tmut/Erth      ###.....     4%          2    None
 Sublimation of Blood     Necr           ###.......   5%          2    None
 Ignite Poison            Fire/Tmut/Pois #####...     1%          3    None
 Inner Flame              Hex/Fire       #####...     1%          3    None
 Spectral Weapon          Hex/Chrm       #####...     1%          3    None
 Stone Arrow              Conj/Erth      #####.       1%          3    None
 Hailstorm                Conj/Ice       ######..     1%          4    None
 Fireball                 Conj/Fire      ######....   1%          5    ##.....
 Freezing Cloud           Conj/Ice/Air   ######....   2%          6    ####...
 Ice Form                 Ice/Tmut       #####...     5%          4    None
 Passage of Golubria      Tloc           N/A          6%          4    None
 Summon Ice Beast         Ice/Summ       #####...     7%          4    None
 Silence                  Hex/Air        ######....   7%          5    ##.....
 Vampiric Draining        Necr           ###.......   11%         3    None
 Deflect Missiles         Chrm/Air       ######....   11%         6    ####...
 Metabolic Englaciation   Hex/Ice        #####.....   12%         5    ##.....
 Yara's Violent Unravell  Hex/Tmut       ####......   13%         5    ##.....
 Cause Fear               Hex            ####......   14%         4    None
 Lee's Rapid Deconstruct  Erth           ###.......   24%         5    ##.....
 Petrify                  Tmut/Erth      ###.....     26%         4    None
 Animate Dead             Necr           N/A          34%         4    None
 Dispel Undead            Necr           ###.....     34%         4    None
 Agony                    Necr           ###.....     69%         5    ##.....
 Darkness                 Hex            ####......   91%         6    ####...
 Invisibility             Hex            ####....     91%         6    ####...
 Hydra Form               Tmut           ###.......   97%         6    ####...
 Death Channel            Necr           ###.......   99%         6    ####...
 Statue Form              Tmut/Erth      ###......    99%         6    ####...
 Dragon Form              Tmut           ###.......   100%        7    ######.
 Discord                  Hex            ####......   100%        8    #######


Dungeon Overview and Level Annotations

Branches:
Dungeon (15/15)            Temple (1/1) D:5            Lair (6/6) D:9
 Shoals (0/4) Lair:3       Spider (1/4) Lair:4        Slime (0/5) Lair:6
    Orc (2/2) D:11            Elf (0/3) Orc:2        Vaults (0/5) D:14
 Depths (1/5) D:15          Sewer (visited)         Volcano (visited)

Altars:
Ashenzari
Cheibriados
Dithmenos
Elyvilon
Fedhas
Gozag
Hepliaklqana
Kikubaaqudgha
Makhleb
Nemelex Xobeh
Okawaru
Qazlal
Ru
Sif Muna
Trog
Uskayaw
Vehumet
Wu Jian
Xom
Yredelemnul
Zin
The Shining One
Jiyva

Shops:
D:4 (   D:6 !   D:11 (   Orc:1 %   Orc:2 ?*(:

Portals:
Abyss: D:5

Annotations:
Spider:1 2 transporters


Innate Abilities, Weirdness & Mutations

You can be seen from farther away. (+LOS)
You can swim through water.
You cover ground slowly.
You can hop long distances.
You have large cloven feet.
You possess an exceptional clarity of mind.
Armour fits poorly on your strangely shaped body.


Message History

The wolf spider misses you.
There is a crawl-hole back to the Lair, spattered with blood here.
You feel sick.
The demonic crawler completely misses you.
You riposte.
You hit the demonic crawler but do no damage.
The demonic crawler hits you.
* * * LOW HITPOINT WARNING * * *
The demonic crawler misses you. The wolf spider closely misses you.
You riposte.
You slash the wolf spider! You burn the wolf spider.
You kick the wolf spider, but do no damage.
The wolf spider is moderately wounded.
The wolf spider bites you!
* * * LOW HITPOINT WARNING * * *
The demonic crawler completely misses you.
The demonic crawler hits you but does no damage.
The demonic crawler hits you.
* * * LOW HITPOINT WARNING * * *
You climb upwards.
Welcome back to the Lair of Beasts!
You die...

##....#.#...#...
#.....+.........
######.....#####....
#....#....## ##...
#.........# #...
##........### ##...
#≈≈≈##.....####....
####.s.####...........
#.#^.@s.####.###..##..
##.#...#.###..########
##.#.#.###.##..#
#.###.#.#####.##
##.#^#.###.##.#
##.#.#^#^###.#
#^###^###.##.#
##†#...#.###.##
##....†####..#


You could see a demonic crawler and a wolf spider.

Vanquished Creatures
  Agnes (D:14)
  Louise (D:15)
  An entropy weaver (Spider:1)
  Azrael (D:13)
  Fannar (Lair:2)
  8 hydras
  Harold (Orc:1)
  Erolcha (D:9)
  30 two-headed ogres
  2 catoblepae
  3 death knights
  2 centaur warriors
  A tengu warrior (D:13)
  5 ogre magi
  A hell hog (Volcano)
  Urug (Orc:1)
  11 death yaks
  A vampire mage (D:15)
  12 skeletal warriors
  3 unseen horrors
  Pikel (D:8)
  2 deep elf magi
  2 wizards (D:11)
  An orc knight (D:15)
  A necromancer (D:15)
  A phantasmal warrior (D:12)
  A shadow dragon skeleton (D:15)
  5 ugly things
  2 orb spiders (Spider:1)
  A wolf spider (shapeshifter) (D:14)
  The ghost of Esekla the Slasher, a novice BaWr of Elyvilon (D:5)
  An orc sorcerer (Orc:2)
  A fire giant zombie (D:15)
  3 wolf spiders (Spider:1)
  A manticore (D:11)
  A cyclops (D:13)
  9 elephants
  2 centaur zombies
  3 merfolk sirens (Lair:3)
  Maurice (Orc:1)
  4 black mambas
  4 centaur skeletons
  12 spiny frogs
  Maggie (D:6)
  2 demonic crawlers
  2 kobold demonologists
  A freezing wraith (D:12)
  11 rime drakes (Lair:4)
  2 spriggan skeletons (D:15)
  7 komodo dragons
  A guardian mummy (D:15)
  A queen bee (Lair:1)
  A tengu conjurer (D:13)
  6 hornets
  11 trolls
  10 jumping spiders
  A meliai (shapeshifter) (D:14)
  A merfolk (Lair:3)
  4 polar bears (Lair:6)
  7 slime creatures
  17 blink frogs
  A meliai zombie (D:13)
  15 hippogriffs
  8 dream sheep
  14 spriggans (Lair:6)
  A shadow (D:13)
  2 vampires
  15 redbacks
  3 wraiths
  48 yaks
  15 wyverns
  15 basilisks
  3 tarantellas
  4 fire elementals
  A steam dragon (D:15)
  7 vampire mosquitoes
  2 fire bats (Volcano)
  3 hungry ghosts
  Menkaure (D:5)
  A harpy simulacrum (D:15)
  Edmund (D:6)
  2 wargs (D:11)
  A soldier ant (D:12)
  2 acid dragons
  9 water moccasins
  7 porcupines
  Duvessa (D:6)
  6 hell hounds
  2 sky beasts
  5 ice beasts
  5 black bears
  24 orc warriors
  2 eyes of draining
  A necrophage (D:6)
  36 ogres
  4 boggarts (Lair:6)
  3 phantoms
  2 centaurs
  22 wolves
  9 crocodiles
  7 big kobolds
  2 wyvern zombies
  12 bullfrogs
  2 wyvern skeletons
  Dowan (D:6)
  3 scorpions
  26 killer bees
  5 wights (D:14)
  An electric eel (Lair:5)
  3 howler monkeys (D:7)
  4 crimson imps
  2 bullfrog zombies
  7 hounds
  3 jellies
  A gnoll shaman (Orc:1)
  16 orc priests
  27 orc wizards
  4 bullfrog skeletons
  An iron imp (D:5)
  3 iguanas
  14 worker ants
  A small abomination (D:5)
  A killer bee zombie (D:5)
  A hound zombie (D:6)
  A hound skeleton (D:5)
  A worker ant zombie (D:6)
  3 gnolls (Orc:1)
  A howler monkey skeleton (D:6)
  19 adders
  4 shadow imps
  An ooze (D:1)
  3 adder skeletons
  2 worms
  3 dart slugs
  4 leopard geckos
  78 orcs
  5 giant cockroaches
  13 goblins
  8 hobgoblins
  12 jackals
  24 kobolds
  3 quokkas
  7 ball pythons
  3 bats
  19 frilled lizards
  A giant cockroach zombie (D:5)
  A jackal skeleton (D:4)
  6 rats
  A fungus (Lair:6)
  3 plants
909 creatures vanquished.

Vanquished Creatures (others)
  6 ball lightnings
  A redback (Spider:1)
  An ogre (D:8)
  3 centaurs
  An adder (D:8)
  An orc (D:11)
  A bush (Lair:4)
  14 fungi
  15 plants
43 creatures vanquished.

Grand Total: 952 creatures vanquished

Notes
Turn   | Place    | Note
-------+----------+-------------------------------------------
     0 | D:1      | Esekla the Barachi Venom Mage began the quest for the Orb.
     0 | D:1      | Reached XP level 1. HP: 13/13 MP: 3/3
   324 | D:1      | Reached XP level 2. HP: 20/20 MP: 1/5
   331 | D:1      | Learned a level 2 spell: Poisonous Vapours
   752 | D:2      | Reached skill level 1 in Fighting
   752 | D:2      | Reached XP level 3. HP: 21/26 MP: 2/6
   757 | D:2      | Learned a level 3 spell: Mephitic Cloud
  1023 | D:2      | Found a faded altar of an unknown god.
  1029 | D:2      | Became a worshipper of Elyvilon the Healer
  1029 | D:2      | Reached * piety under Elyvilon
  1355 | D:2      | Reached XP level 4. HP: 15/32 MP: 4/8
  1649 | D:2      | Found an ornate altar of the Wu Jian Council.
  1688 | D:2      | Found a sparkling altar of Nemelex Xobeh.
  1699 | D:2      | Reached skill level 1 in Air Magic
  2115 | D:3      | Reached skill level 1 in Long Blades
  2115 | D:3      | Reached XP level 5. HP: 20/38 MP: 6/9
  2488 | D:3      | Reached skill level 1 in Conjurations
  2499 | D:3      | Reached XP level 6. HP: 40/44 MP: 3/10
  2735 | D:3      | Reached ** piety under Elyvilon
  3038 | D:4      | Found Xaticzoist's Weapon Shoppe.
  3061 | D:4      | Found an opulent altar of Gozag.
  3077 | D:4      | Found a glowing drain.
  3114 | Sewer    | Entered a sewer
  3139 | Sewer    | Reached *** piety under Elyvilon
  4033 | D:4      | Found a hazy altar of Hepliaklqana.
  4121 | D:4      | Found a radiant altar of Vehumet.
  4134 | D:4      | Reached XP level 7. HP: 51/51 MP: 5/12
  4146 | D:4      | Fell from the grace of Elyvilon
  4146 | D:4      | Became a worshipper of Vehumet
  4462 | D:4      | Found the +3 robe of Folly {Archmagi, MR-- Int+5}
  4627 | D:4      | Reached * piety under Vehumet
  4627 | D:4      | Offered knowledge of Freeze by Vehumet.
  4724 | D:4      | Found a snail-covered altar of Cheibriados.
  4724 | D:4      | Found a stormy altar of Qazlal.
  4938 | D:5      | Entered Level 5 of the Dungeon
  4963 | D:5      | Found a transporter.
  4983 | D:5      | Found a one-way gate to the infinite horrors of the Abyss.
  4983 | D:5      | Noticed Esekla's ghost (novice BaWr)
  5051 | D:5      | Found a transporter.
  5076 | D:5      | Found a staircase to the Ecumenical Temple.
  5256 | D:5      | Found a glowing golden altar of the Shining One.
  5388 | D:5      | Noticed Menkaure
  5470 | Temple   | Entered the Ecumenical Temple
  5786 | D:5      | Killed Menkaure
  5786 | D:5      | Reached skill level 5 in Long Blades
  5786 | D:5      | Reached XP level 8. HP: 46/58 MP: 15/15
  5913 | D:6      | Found Vurghaas's Distillery.
  5963 | D:6      | Noticed Maggie
  6001 | D:6      | Killed Maggie
  6001 | D:6      | Reached skill level 5 in Spellcasting
  6379 | D:6      | Reached skill level 5 in Poison Magic
  6463 | D:6      | Learned a level 2 spell: Song of Slaying
  6467 | D:6      | Learned a level 3 spell: Ozocubu's Armour
  6648 | D:6      | Reached skill level 1 in Ice Magic
  6664 | D:6      | Reached skill level 1 in Charms
  6664 | D:6      | Reached XP level 9. HP: 54/65 MP: 17/17
  6779 | D:6      | Noticed Dowan
  6786 | D:6      | Noticed Duvessa
  6789 | D:6      | Killed Dowan
  6797 | D:6      | Killed Duvessa
  6922 | D:6      | Noticed Edmund
  6931 | D:6      | Killed Edmund
  7093 | D:6      | Found an ancient bone altar of Kikubaaqudgha.
  7094 | D:6      | Found a blossoming altar of Fedhas.
  7168 | D:6      | Identified the +7 whip of Arrival {flame, Int+4} (You found
                  | it on level 6 of the Dungeon)
  7659 | D:7      | Found a burning altar of Makhleb.
  7659 | D:7      | Noticed a cacodemon
  7679 | D:7      | Noticed a two-headed ogre
  7696 | D:6      | Reached skill level 1 in Throwing
  8075 | D:5      | Killed Esekla's ghost
  8077 | D:5      | Offered knowledge of Magic Dart by Vehumet.
  8086 | D:5      | Reached ** piety under Vehumet
  8412 | D:6      | Bought a potion of lignification for 36 gold pieces
  8412 | D:6      | Bought a potion of curing for 36 gold pieces
  8412 | D:6      | Bought a potion of heal wounds for 60 gold pieces
  8488 | D:7      | Killed a two-headed ogre
  8488 | D:7      | Reached skill level 5 in Fighting
  8488 | D:7      | Reached XP level 10. HP: 37/74 MP: 10/19
  9190 | D:8      | Noticed Pikel
  9230 | D:8      | Killed Pikel
  9230 | D:8      | Reached skill level 5 in Air Magic
  9281 | D:8      | Found a bloodstained altar of Trog.
  9767 | D:8      | Noticed a two-headed ogre
  9804 | D:7      | Killed a two-headed ogre
  9804 | D:7      | Reached skill level 5 in Ice Magic
  9808 | D:7      | Learned a level 2 spell: Shroud of Golubria
 10055 | D:8      | Reached skill level 1 in Translocations
 10393 | D:8      | Got an ancient leather armour
 10394 | D:8      | Identified the +1 leather armour "Dauseo" {Str+5} (You
                  | found it on level 8 of the Dungeon)
 10772 | D:9      | Noticed a death yak
 10772 | D:9      | Noticed a death yak
 10773 | D:9      | Noticed a death yak
 10773 | D:9      | Noticed a death yak
 10815 | D:8      | Learned a level 6 spell: Invisibility
 10924 | D:9      | Noticed Erolcha
 10961 | D:9      | Killed Erolcha
 10961 | D:9      | Reached skill level 1 in Hexes
 10961 | D:9      | Reached XP level 11. HP: 80/81 MP: 7/23
 11085 | D:9      | Found a shadowy altar of Dithmenos.
 11251 | D:9      | Found a staircase to the Lair.
 11350 | D:9      | Noticed a two-headed ogre
 11366 | D:9      | Killed a two-headed ogre
 11560 | Lair:1   | Entered Level 1 of the Lair of Beasts
 11720 | Lair:1   | Offered knowledge of Conjure Flame by Vehumet.
 11725 | Lair:1   | Learned a level 3 spell: Conjure Flame
 11895 | Lair:1   | Reached skill level 10 in Long Blades
 12020 | D:10     | Entered Level 10 of the Dungeon
 12123 | D:10     | Noticed a two-headed ogre
 12136 | D:10     | Killed a two-headed ogre
 12336 | D:10     | Learned a level 6 spell: Deflect Missiles
 12731 | D:10     | Reached skill level 1 in Fire Magic
 12763 | D:10     | Reached *** piety under Vehumet
 12797 | D:10     | Reached skill level 1 in Shields
 12994 | D:11     | Noticed a cyan ugly thing
 13006 | D:11     | Killed a cyan ugly thing
 13181 | D:11     | Found a staircase to the Orcish Mines.
 13181 | D:11     | Found Zoafapro's Weapon Shop.
 13319 | D:11     | Reached skill level 5 in Charms
 13717 | D:11     | Gained mutation: Potions are less effective at restoring
                  | your health. [potion of mutation]
 13717 | D:11     | Gained mutation: You are partially covered in iridescent
                  | scales. (AC +2) [potion of mutation]
 13747 | D:11     | Offered knowledge of Iskenderun's Mystic Blast by Vehumet.
 13848 | D:11     | Noticed a manticore
 13867 | D:11     | Killed a manticore
 13944 | D:11     | Noticed a two-headed ogre
 13960 | D:11     | Killed a two-headed ogre
 13960 | D:11     | Reached XP level 12. HP: 45/89 MP: 22/24
 14665 | D:12     | Noticed a death knight
 15231 | D:11     | Reached **** piety under Vehumet
 15260 | D:11     | Reached skill level 5 in Dodging
 15370 | D:11     | Noticed a two-headed ogre
 15374 | D:11     | Killed a two-headed ogre
 15413 | D:11     | Offered knowledge of Lightning Bolt by Vehumet.
 15426 | D:11     | Learned a level 5 spell: Lightning Bolt
 15540 | D:11     | Identified the Collected Works on Evil
 15542 | D:11     | Identified the Compendium of Snow
 15548 | D:11     | Learned a level 3 spell: Frozen Ramparts
 15667 | Orc:1    | Entered Level 1 of the Orcish Mines
 15667 | Orc:1    | Found Meantank's Food Shoppe.
 15667 | Orc:1    | Found a shimmering altar of Xom.
 15670 | Orc:1    | Noticed Urug
 16720 | Lair:1   | Noticed a five-headed hydra
 16930 | Lair:1   | Reached ***** piety under Vehumet
 17079 | Lair:1   | Offered knowledge of Conjure Ball Lightning by Vehumet.
 17095 | Lair:1   | Learned a level 6 spell: Conjure Ball Lightning
 17566 | Lair:2   | Noticed Fannar
 17897 | Lair:2   | Gained mutation: You can hop long distances. [Barachi
                  | growth]
 17897 | Lair:2   | Reached XP level 13. HP: 96/96 MP: 24/26
 18227 | D:6      | Bought a potion of mutation for 96 gold pieces
 18227 | D:6      | Lost mutation: Potions are less effective at restoring your
                  | health. [potion of mutation]
 18227 | D:6      | Lost mutation: You are partially covered in iridescent
                  | scales. (AC +2) [potion of mutation]
 18227 | D:6      | Gained mutation: Armour fits poorly on your strangely
                  | shaped body. [potion of mutation]
 18227 | D:6      | Gained mutation: You have large cloven feet. [potion of
                  | mutation]
 18227 | D:6      | Gained mutation: You possess an exceptional clarity of
                  | mind. [potion of mutation]
 18543 | D:8      | Reached skill level 10 in Spellcasting
 18543 | D:8      | Reached skill level 5 in Conjurations
 18952 | Orc:1    | Noticed Maurice
 19192 | Orc:1    | Noticed Harold
 19198 | Orc:1    | Killed Maurice
 19198 | Orc:1    | Reached skill level 5 in Fire Magic
 19206 | Orc:1    | Killed Harold
 19229 | Orc:1    | Killed Urug
 19720 | Orc:2    | Entered Level 2 of the Orcish Mines
 20331 | Orc:2    | Reached skill level 5 in Shields
 20607 | Orc:2    | Noticed an ogre mage
 20612 | Orc:2    | Killed an ogre mage
 20617 | Orc:2    | Reached XP level 14. HP: 41/103 MP: 20/28
 20632 | Orc:2    | Found Docail's Book Emporium.
 20632 | Orc:2    | Found Ceesch's Antique Weapon Boutique.
 20633 | Orc:2    | Found Damousic's Magic Scroll Shoppe.
 20633 | Orc:2    | Found Gaxzoul's Assorted Antiques.
 20893 | Orc:2    | Offered knowledge of Spellforged Servitor by Vehumet.
 20917 | Orc:2    | Bought a book of Flames for 595 gold pieces
 20922 | Orc:2    | Learned a level 4 spell: Sticky Flame
 21872 | Orc:2    | Found a staircase to the Elven Halls.
 22159 | Orc:2    | Upgraded the game from 0.25-a0-766-g0ecfff5982 to
                  | 0.25-a0-780-g622e69b31f
 22553 | Lair:2   | Killed Fannar
 23832 | Lair:3   | Found a staircase to the Shoals.
 24294 | Lair:4   | Offered knowledge of Starburst by Vehumet.
 25404 | Lair:4   | Identified Guommipn's Grimoire of Mutagenic
                  | Self-Improvement
 25705 | Lair:4   | Reached skill level 10 in Air Magic
 25740 | Lair:4   | Reached XP level 15. HP: 61/110 MP: 11/30
 26645 | Lair:4   | Found a hole to the Spider Nest.
 27433 | Lair:5   | Found a dark tunnel.
 27459 | Volcano  | Entered a volcano
 28694 | Lair:5   | Reached skill level 1 in Armour
 29162 | Lair:6   | Entered Level 6 of the Lair of Beasts
 29793 | Lair:5   | Learned a level 6 spell: Starburst
 30007 | Lair:6   | Offered knowledge of Irradiate by Vehumet.
 30056 | Lair:6   | Learned a level 5 spell: Irradiate
 30125 | Lair:6   | Found a viscous altar of Jiyva.
 30125 | Lair:6   | Found a staircase to the Slime Pits.
 31310 | Lair:6   | Reached XP level 16. HP: 118/118 MP: 31/33
 33172 | Orc:2    | Bought a scroll of enchant armour for 97 gold pieces
 33422 | D:13     | Offered knowledge of Ozocubu's Refrigeration by Vehumet.
 33588 | D:13     | Noticed Azrael
 33607 | D:13     | Killed Azrael
 34208 | D:14     | Reached skill level 5 in Armour
 34881 | D:14     | Noticed Agnes
 34893 | D:14     | Killed Agnes
 34937 | D:14     | Found a gate to the Vaults.
 35421 | D:15     | Entered Level 15 of the Dungeon
 35421 | D:15     | Found a staircase to the Depths.
 35663 | D:15     | Reached skill level 10 in Conjurations
 35756 | D:15     | Noticed Louise
 35769 | D:15     | Killed Louise
 35769 | D:15     | Offered knowledge of Iron Shot by Vehumet.
 36215 | D:15     | Reached XP level 17. HP: 124/124 MP: 33/35
 36455 | D:15     | Upgraded the game from 0.25-a0-780-g622e69b31f to
                  | 0.25-a0-781-gc44aebf4fe
 36485 | Depths:1 | Entered Level 1 of the Depths
 36679 | Spider:1 | Entered Level 1 of the Spider Nest
 36687 | Lair:4   | Learned a level 4 spell: Olgreb's Toxic Radiance
 37129 | Spider:1 | Found a transporter.
 37160 | Spider:1 | Found a transporter.
 37182 | Spider:1 | HP: 4/125 [wolf spider (10)]
 37183 | Lair:4   | Succumbed to a wolf spider's poison

Levels and vault maps discovered:
D:1:      minmay_arrival_semitransparent, layout_rooms, minmay_splitting_lines,
          minmay_misc_feat_nine_boxes
D:2:      layout_basic, nemelex_xobeh_ov_fountains_minmay, lemuel_crystal_altar,
          chequers_ecumenical_altar_grove, grunt_ministairs_1,
          minmay_lizard_pond
D:3:      layout_basic, uniq_crazy_yiuf_cottage
D:4:      layout_cave_pods, old_standard_altar, vehumet_crystals,
          lemuel_doored_altar, gammafunk_temple_overflow_wave, first_ration,
          portal_sewer_entry_b, serial_shops, nicolae_shop_behind_doors,
          minmay_ogre_servants
D:5:      layout_basic, kennysheep_little_box, minmay_temple_entry_stoned_glass,
          gammafunk_ghost_abyssal_escape, chequers_mini_garden,
          kennysheep_big_empty_room, uniq_menkaure
D:6:      minmay_razor_zed, layout_loops_corners,
          grunt_temple_overflow_growth_and_decay, serial_shops, shop,
          uniq_duvessa, uniq_maggie, uniq_edmund
D:7:      layout_cave_pools, makhleb_altar_promises_db
D:8:      layout_layer_cave, nicolae_overflow_crystal_walls, uniq_pikel
D:9:      layout_loops_cross, kennysheep_mini, dpeg_lair_monsters, uniq_erolcha
D:10:     layout_loops_cross, minmay_mirror_moons_of_madness
D:11:     cheibrodos_lost_city_excavation, layout_loops_cross, orc_david_3
D:12:     layout_loops_ring
D:13:     layout_roguey, uniq_azrael
D:14:     layout_big_octagon, minmay_misc_feat_encased, hangedman_ranch
          [blue_anna_fruit_fields], moated_statue, lemuel_flamethrower_3,
          uniq_agnes
D:15:     gammafunk_depths_entry_grave, layout_loops_ring,
          minmay_misc_feat_ornament, uniq_louise
Temple:   nicolae_temple_figure_zero
Lair:1:   layout_concentric_octagons, special_room [special_room_bee]
Lair:2:   layout_regular_city, serial_bayou_pond_c, grunt_megastairs_2,
          infiniplex_staircase_pool, serial_bayou_shore_b, lemuel_fruit_tree,
          uniq_fannar
Lair:3:   layout_hall_layers, elwin_shoals_entry_stream,
          infiniplex_staircase_pool_2
Lair:4:   layout_roguey [special_room_mythical_zoo],
          nicolae_spider_entry_tight_spaces, special_room
          [special_room_mythical_zoo], grunt_megastairs_5, serial_bayou_shore_b
Lair:5:   layout_loops_ring, enter_volcano_2, serial_bayou_pond_c,
          lemuel_fruit_fields, serial_bayou_shore_a
Lair:6:   minmay_lair_end_enchanted_forest, layout_small_grid,
          dpeg_slime_entry_enclosed_altar, grunt_megastairs_4
Spider:1: gammafunk_the_bubble [the_bubble_gammafunk_crates]
Orc:1:    layout_caves, serial_shops, shop, basic_altar, uniq_urug,
          uniq_maurice, uniq_harold
Orc:2:    st_orc_ogre_mass, layout_caves
Depths:1: layout_forbidden_donut, grunt_metal_band, solitary_fountain,
          minivault_11, lemuel_freeze_loot_1, kennysheep_random_hallway

Skill      XL: |  1  2  3  4  5  6  7  8  9 10 11 12 13 14 15 16 17 |
---------------+----------------------------------------------------+-----
Fighting       | 1 2 3 4 5 6 7 8 9 |  9.0
Poison Magic   | 4 5 6 7 |  7.7
Air Magic      | 1 2 3 4 5 6 7 8 10 | 10.6
Spellcasting   | 3 4 5 6 8 9 10 11 13 14 | 14.3
Long Blades    | 1 3 5 6 8 9 10 11 12 13 14 | 14.2
Conjurations   | 1 2 3 4 6 7 8 10 | 10.4
Dodging        | 3 4 5 6 7 |  7.4
Ice Magic      | 1 3 5 6 7 |  7.9
Charms         | 1 3 4 5 6 7 8 |  8.6
Throwing       | 1 2 3 4 |  4.0
Translocations | 2 4 |  4.3
Hexes          | 1 2 |  2.1
Fire Magic     | 2 4 5 6 7 |  7.6
Shields        | 2 4 5 6 7 |  7.0
Armour         | 3 6 7 |  7.4
Short Blades   | |  0.6
Polearms       | |  0.5
Stealth        | |  1.7
Transmutations | |  1.2
Evocations     | |  0.1

Action                   |  1- 3 |  4- 6 |  7- 9 | 10-12 | 13-15 | 16-18 || total
-------------------------+-------+-------+-------+-------+-------+-------++-------
Melee: Short sword       |    43 |    13 |       |       |       |       ||    56
       Long sword        |       |   175 |   301 |   411 |       |       ||   887
       Dagger            |       |       |       |     3 |       |       ||     3
       Falchion          |       |       |       |    66 |       |   179 ||   245
       Scimitar          |       |       |       |   147 |   554 |   271 ||   972
       Kick              |       |       |       |       |   177 |   132 ||   309
       Spear             |       |       |       |       |     4 |       ||     4
Throw: Javelin           |       |     1 |       |       |     1 |       ||     2
       Dart              |       |       |    26 |   117 |   180 |    35 ||   358
       Boomerang         |       |       |    15 |    33 |    68 |    47 ||   163
 Cast: Sting             |     9 |       |       |       |       |       ||     9
       Poisonous Vapours |    19 |    50 |    74 |   134 |   166 |    42 ||   485
       Mephitic Cloud    |       |     1 |     8 |    27 |    42 |    21 ||    99
       Ozocubu's Armour  |       |       |     9 |    57 |    81 |    42 ||   189
       Shroud of Golubri |       |       |       |    31 |    18 |    20 ||    69
       Song of Slaying   |       |       |       |     7 |    23 |     5 ||    35
       Conjure Flame     |       |       |       |    10 |    15 |     4 ||    29
       Lightning Bolt    |       |       |       |     5 |    28 |    33 ||    66
       Conjure Ball Ligh |       |       |       |     1 |     2 |       ||     3
       Frozen Ramparts   |       |       |       |     1 |    22 |     6 ||    29
       Deflect Missiles  |       |       |       |     1 |       |       ||     1
       Sticky Flame      |       |       |       |       |   126 |    87 ||   213
       Irradiate         |       |       |       |       |     8 |     7 ||    15
       Starburst         |       |       |       |       |     2 |       ||     2
       Olgreb's Toxic Ra |       |       |       |       |       |     3 ||     3
 Abil: Hop               |       |     1 |     4 |    10 |    12 |     1 ||    28
       Evoke Flight      |       |       |       |     2 |     1 |       ||     3
       Stop Flying       |       |       |       |     2 |       |       ||     2
Evoke: Wand              |       |       |       |     1 |       |     2 ||     3
  Use: Scroll            |       |     8 |     2 |    16 |    13 |     4 ||    43
       Potion            |       |       |     5 |     2 |    11 |     3 ||    21
 Stab: Sleeping          |       |     1 |     1 |     1 |     1 |       ||     4
       Confused          |       |     1 |     6 |     9 |    26 |     8 ||    50
       Distracted        |       |       |     1 |     1 |       |     1 ||     3
  Eat: Chunk             |     2 |    12 |    10 |    23 |    27 |     9 ||    83
       Ration            |       |       |     3 |     5 |     7 |     4 ||    19
Armor: Robe              |     5 |    48 |    44 |       |     4 |       ||   101
       Steam dragon scal |       |       |    85 |   379 |   268 |       ||   732
       Leather armour    |       |       |       |       |    75 |    23 ||    98
       Troll leather arm |       |       |       |       |       |   153 ||   153
       Skin              |       |       |       |       |       |     8 ||     8
Dodge: Dodged            |    39 |   115 |   222 |   405 |   518 |   282 ||  1581
Block: Buckler           |       |       |       |   131 |   306 |   179 ||   616
       Rpst.: Long sword |       |    27 |    59 |    66 |       |       ||   152
       Falchion          |       |       |       |    12 |       |    11 ||    23
       Scimitar          |       |       |       |    34 |   133 |    52 ||   219

Table legend:
 A = Non-vault XP
 B = Vault XP
 C = Vault XP percentage of total XP
 D = Non-vault monster count
 E = Vault monster count
 F = Vault count percentage of total count
                 A         B        C        D         E       F
            +---------+---------+-------+---------+---------+-------
      Total |  108977 |   81741 |  42.9 |     589 |     316 |  34.9
            +---------+---------+-------+---------+---------+-------
        D:1 |      30 |       0 |   0.0 |      12 |       0 |   0.0
        D:2 |      96 |      28 |  22.6 |      28 |      14 |  33.3
        D:3 |     245 |       0 |   0.0 |      22 |       0 |   0.0
        D:4 |     300 |     140 |  31.8 |      18 |      12 |  40.0
        D:5 |     242 |     862 |  78.1 |      12 |       6 |  33.3
        D:6 |     452 |    1420 |  75.9 |      18 |      12 |  40.0
        D:7 |    2565 |       0 |   0.0 |      14 |       0 |   0.0
        D:8 |    1164 |    1569 |  57.4 |      22 |       2 |   8.3
        D:9 |    2002 |    6160 |  75.5 |      20 |       7 |  25.9
       D:10 |    2549 |     123 |   4.6 |      13 |       4 |  23.5
       D:11 |    6326 |    2623 |  29.3 |      40 |       8 |  16.7
       D:12 |    8560 |       0 |   0.0 |      35 |       0 |   0.0
       D:13 |   11984 |    2064 |  14.7 |      31 |       6 |  16.2
       D:14 |    9875 |    4096 |  29.3 |      31 |       9 |  22.5
       D:15 |    9815 |    5955 |  37.8 |      32 |       9 |  22.0
     Lair:1 |    5576 |    1727 |  23.6 |      29 |      24 |  45.3
     Lair:2 |    2032 |    1624 |  44.4 |       8 |       4 |  33.3
     Lair:3 |    6097 |    2941 |  32.5 |      25 |      10 |  28.6
     Lair:4 |    8560 |   16015 |  65.2 |      31 |      61 |  66.3
     Lair:5 |    5634 |       0 |   0.0 |      18 |       0 |   0.0
     Lair:6 |   13032 |    9551 |  42.3 |      33 |      49 |  59.8
   Spider:1 |    7920 |       0 |   0.0 |      21 |       0 |   0.0
      Orc:1 |    1104 |    3731 |  77.2 |      27 |       6 |  18.2
      Orc:2 |    2817 |   17261 |  86.0 |      49 |      41 |  45.6
      Sewer |       0 |      62 | 100.0 |       0 |      24 | 100.0
    Volcano |       0 |    3789 | 100.0 |       0 |       8 | 100.0
            +---------+---------+-------+---------+---------+-------
